Map: Cyber Forest LE

Players

Smeeeger - Winner!

  • Race: Zerg Zerg
  • League: Platinum
  • Spawn Location: 11:00

Guile

  • Race: Terran Terran
  • League: Diamond
  • Spawn Location: 5:00

VOD

Have the link to the VOD?

Description

Time

  • Played on: Aug. 4, 2019, 10:01 a.m.
  • Length: 8:23
Show
View Real Time Build Order
Export as new Build Order

Smeeeger Zerg - Winner!

Build Orders: Hatch First 

Get SALT Encoding   

  12  0:01  Drone  
  13  0:14  Overlord  
  13  0:20  Drone  
  14  0:32  Drone x2  
  16  0:39  Drone  
  17  0:55  Hatchery, Extractor  
  15  0:58  Drone  
  16  1:16  Spawning Pool  
  16  1:17  Drone  
  16  1:20  Drone  
  16  1:23  Drone  
  18  1:30  Drone  
  19  1:44  Overlord  
  19  2:04  Queen  
  19  2:07  Queen  
  19  2:08  Zergling x4  
  25  2:09  Zergling x2  
  25  2:13  Metabolic Boost  
  26  2:21  Drone  
  26  2:22  Drone  
  28  2:30  Drone  
  29  2:41  Drone  
  29  2:42  Queen, Spine Crawler  
  32  2:56  Hatchery  
  32  2:57  Drone x2  
  34  3:12  Drone  
  34  3:13  Drone x2, Overlord  
  34  3:14  Overlord  
  35  3:34  Drone x3  
  35  3:38  Roach Warren  
  35  3:40  Drone x4  
  41  3:41  Evolution Chamber  
  41  3:47  Pneumatized Carapace  
  40  3:56  Drone x3  
  40  3:58  Overlord  
  40  4:00  Overlord  
  43  4:03  Drone  
  43  4:04  Drone  
  43  4:05  Drone  
  46  4:14  Extractor  
  46  4:15  Overlord x2, Extractor  
  46  4:16  Drone  
  45  4:17  Drone  
  45  4:20  Drone  
  47  4:34  Queen x2  
  47  4:36  Queen  
  52  4:42  Roach x2  
  52  4:43  Roach  
  58  4:55  Drone x2  
  58  4:56  Drone  
  58  4:58  Spore Crawler  
  58  4:59  Spore Crawler, Drone  
  60  5:03  Extractor  
  60  5:05  Roach x4  
  67  5:20  Drone  
  67  5:21  Drone x5  
  73  5:23  Zerg Missile Weapons Level 1  
  73  5:36  Lair  
  73  5:38  Drone  
  73  5:39  Drone  
  75  5:46  Roach x6  
  86  6:06  Drone x4  
  86  6:11  Overlord x4  
  90  6:33  Roach x10  
  90  6:35  Overlord  
  90  6:39  Glial Reconstitution  
  110  6:52  Overlord x2  
  110  6:59  Drone x2  
  110  7:00  Drone x4  
  114  7:01  Baneling Nest  
  93  7:09  Roach  
  93  7:10  Roach x2  
  93  7:14  Roach x5  
  93  7:15  Roach  
  107  7:17  Roach x2  
  107  7:18  Ravager x2  
  107  7:19  Ravager  
  114  7:25  Roach  
  114  7:28  Roach  
  114  7:29  Roach x3  
  124  7:35  Ravager  
  115  7:58  Drone x2  
  117  8:00  Extractor  
  117  8:01  Extractor  
  117  8:03  Roach  
  117  8:08  Hydralisk Den  
  117  8:09  Drone x3  
  117  8:10  Drone x3  
  117  8:11  Drone x3  
  117  8:12  Hatchery  
Show
View Real Time Build Order
Export as new Build Order

Guile Terran 

Build Orders: Hellion Opening 

Get SALT Encoding   

  12  0:01  SCV  
  13  0:13  SCV  
  14  0:17  Supply Depot  
  14  0:25  SCV  
  15  0:28  Refinery  
  15  0:39  SCV  
  16  0:45  Barracks  
  16  0:51  SCV  
  17  1:03  SCV  
  18  1:15  SCV  
  19  1:31  Orbital Command  
  20  1:32  Reaper  
  20  1:44  Command Center  
  20  1:55  Supply Depot  
  20  1:58  SCV  
  22  2:09  Factory  
  22  2:12  Barracks Reactor  
  21  2:18  SCV  
  22  2:23  Refinery  
  22  2:30  SCV  
  23  2:42  SCV  
  24  2:54  SCV  
  25  2:58  Orbital Command  
  25  3:01  Hellion x2  
  29  3:06  SCV  
  30  3:13  Engineering Bay  
  30  3:14  Engineering Bay  
  30  3:19  Supply Depot  
  30  3:21  Barracks Tech Lab  
  30  3:23  Hellion x2  
  30  3:24  SCV  
  30  3:26  SCV  
  35  3:36  SCV  
  35  3:38  SCV  
  37  3:45  Hellion x2  
  41  3:49  SCV  
  41  3:50  SCV  
  43  4:01  SCV  
  43  4:02  SCV  
  45  4:06  Supply Depot  
  45  4:08  Supply Depot  
  45  4:14  SCV x2  
  47  4:23  Marine x2  
  47  4:24  Siege Tank  
  52  4:26  Terran Infantry Weapons Level 1, Terran Infantry Armor Level 1, SCV x2  
  52  4:30  Refinery  
  54  4:31  Refinery  
  54  4:38  SCV x2  
  56  4:49  Marine  
  56  4:50  Marine, SCV x2  
  60  4:57  Barracks  
  60  4:58  Barracks  
  60  4:59  Supply Depot  
  60  5:00  Supply Depot  
  60  5:08  Bunker  
  60  5:10  Marine x2  
  65  5:14  Siege Tank  
  65  5:15  SCV  
  66  5:33  Marine x2  
  68  5:39  Supply Depot  
  68  5:41  Command Center  
  68  5:51  Barracks Reactor, Barracks Tech Lab  
  68  5:52  Siege Tank  
  67  5:59  SCV x2  
  69  6:06  Armory, Starport  
  69  6:07  Supply Depot  
  69  6:10  Marine x2  
  73  6:11  Marauder, SCV  
  73  6:12  Stimpack, SCV  
  75  6:23  SCV  
  75  6:24  SCV  
  75  6:25  Siege Tank  
  80  6:31  Marine x2  
  80  6:32  Marine x2  
  76  6:41  Marauder  
  76  6:43  Starport Reactor  
  78  6:55  Marine x4  
  82  7:02  Marauder  
  76  7:12  Siege Tank  
  79  7:16  Orbital Command  
  79  7:18  SCV x2  
  79  7:22  Medivac x2  
  85  7:24  Marine x2  
  85  7:25  Marine x2, Marauder  
  91  7:30  SCV x2  
  78  7:51  Marine x3  
  78  7:52  Marine, Marauder  
Tags
 
Add a new tag
Caveats
  • Supply blocks, unpowered buildings, or Contaminate may cause inaccurate times.
  • Supply counts are checked every 10 seconds.